 Dungeon Crawl Stone Soup version 0.29-a0-378-gc08b2e8bf8 (webtiles) character file.

Game seed: 12461586080436225370

385 Antichthon the Covered (level 6, -4/38 HPs)
             Began as a Gargoyle Fighter on May 5, 2022.
             Slain by Dowan
             ... wielding a +2 vampiric dagger
              (6 damage)
             ... on level 4 of the Dungeon.
             The game lasted 00:04:13 (2627 turns).

Antichthon the Covered (Gargoyle Fighter)           Turns: 2627, Time: 00:04:13

Health: -4/38      AC: 17    Str: 20    XL:     6   Next: 77%
Magic:  7/7        EV:  6    Int: 10    God:
Gold:   82         SH:  4    Dex:  9    Spells: 5/5 levels left

rFire   . . .      SeeInvis .   a - +1 whip (elec)
rCold   . . .      Faith    .   c - +0 buckler
rNeg    + . .      Spirit   .   e - +0 plate armour
rPois   ∞          Reflect  .   m - +0 helmet
rElec   +          Harm     .   (no cloak)
rCorr   +          Rampage  .   (no gloves)
Will    .....                   (no boots)
Stlth   ..........              f - amulet of the acrobat
HPRegen 0.12/turn               o - ring of resist corrosion
MPRegen 0.10/turn               (no ring)

@: mighty
A: sickness immunity, AC +4, negative energy resistance 1, electricity
resistance, torment resistance 1, petrification resistance
a: no special abilities


You were on level 4 of the Dungeon.
You visited 1 branch of the dungeon, and saw 4 of its levels.

You collected 82 gold pieces.

Inventory:

Hand Weapons
 a - a +1 whip of electrocution (weapon)
Armour
 c - a +0 buckler (worn)
 e - a +0 plate armour (worn)
 m - a +0 helmet (worn)
Jewellery
 f - an amulet of the acrobat (around neck)
 o - a ring of resist corrosion (left hand)
Wands
 n - a wand of acid (9)
Scrolls
 b - 4 scrolls of teleportation
 i - a scroll of silence
 l - a scroll of fog
 p - a scroll of vulnerability
 q - a scroll of acquirement {unknown}
Potions
 d - a potion of might
 g - a potion of resistance
 h - a potion of brilliance
 k - a potion of curing {unknown}


   Skills:
 * Level 4.2 Fighting
 * Level 4.0 Maces & Flails
 * Level 4.8 Armour
 * Level 1.5 Dodging
 * Level 4.3 Shields
 * Level 1.9 Invocations


You had 5 spell levels left.
You didn't know any spells.
Your spell library contained the following spells:

 Spells                   Type           Power      Damage    Failure   Level
 Apportation              Tloc           0%         N/A       100%        1
 Alistair's Intoxication  Tmut/Pois      0%         N/A       100%        5
 Fireball                 Conj/Fire      0%         3d3       100%        5
 Starburst                Conj/Fire      0%         6d3       100%        6
 Ignition                 Fire           0%         3d3       100%        8


Dungeon Overview and Level Annotations

Branches:
Dungeon (4/15)
 Temple: D:4-7

Altars:

Annotations:
D:4 Dowan


Innate Abilities, Weirdness & Mutations

You are immune to sickness and miasma.
Your stone body is resilient. (AC +4)
You are immune to poison.
You resist negative energy. (rN+)
You are resistant to electric shocks. (rElec)
You are resistant to unholy torment.
You are immune to petrification.


Message History

You closely miss Duvessa.
Duvessa is heavily wounded.
Duvessa closely misses you. Duvessa hits you but does no damage.
Unknown command.
Okay, then.
You feel very mighty all of a sudden. You block Duvessa's attack.
Unknown command.
You hit Duvessa.
Duvessa is heavily wounded.
Duvessa hits you but does no damage. Duvessa hits you with a +0 short sword.
Unknown command.
You barely miss Duvessa.
Duvessa is heavily wounded.
Duvessa hits you but does no damage.
Unknown command.
You barely miss Duvessa.
Duvessa is heavily wounded.
Duvessa hits you with a +0 short sword!
* * * LOW HITPOINT WARNING * * *
Duvessa barely misses you.
Unknown command.
You hit Duvessa. Lightning courses through Duvessa!!
You kill Duvessa!
Dowan's eyes darken. "You have made a black mistake."
Dowan seems to find hidden reserves of power!
Your Maces & Flails skill increases to level 4!
Unknown command.
You barely miss Dowan. Dowan hits you but does no damage.
Unknown command.
You barely miss Dowan.
Dowan hits you with a +2 vampiric dagger!
* * * LOW HITPOINT WARNING * * *
Dowan hits you but does no damage.
Unknown command.
Okay, then.
You whack Dowan!
Dowan is heavily wounded.
Dowan hits you with a +2 vampiric dagger.
You die...

### ######## #..
.[.....###### #.#
######.(...... #.#
#..).o..)...##
########.#####.####..###.#
#.......#.@eo...# #..#
#.## ########.#####..#
#..# #... ### #..###..#
#### #........ ####
#g###.....
#....##.###...##
#...g.).......#
####.##...#..## ..
.........


You could see Dowan (fast) and an orc.

Vanquished Creatures
  Duvessa (D:4)
  An ogre (D:3)
  An orc priest (D:4)
  An iguana (D:3)
  2 gnolls (D:4)
  5 adders
  3 worms
  2 dart slugs
  11 orcs
  4 bats
  2 endoplasms
  3 giant cockroaches
  3 goblins
  5 hobgoblins
  3 jackals (D:2)
  8 kobolds
  2 quokkas
  4 ball pythons
  A frilled lizard (D:2)
  A rat (D:2)
63 creatures vanquished.

Notes
Turn   | Place    | Note
-------+----------+-------------------------------------------
     0 | D:1      | Antichthon the Gargoyle Fighter began the quest for the
                  | Orb.
     0 | D:1      | Reached XP level 1. HP: 14/14 MP: 1/1
     2 | D:1      | Noticed an ogre
     2 | D:1      | Noticed a demonspawn
     4 | D:1      | Noticed an elf
     4 | D:1      | Noticed a minotaur
     6 | D:1      | Noticed a troll
    10 | D:1      | Noticed a merfolk
    12 | D:1      | Noticed a formicid
    14 | D:1      | Noticed a human
    14 | D:1      | Noticed a dwarf
    16 | D:1      | Noticed a vine stalker
    16 | D:1      | Noticed a tengu
    18 | D:1      | Noticed a naga
    18 | D:1      | Noticed a gargoyle
    20 | D:1      | Noticed a ghoul
    20 | D:1      | Noticed a spriggan
    22 | D:1      | Noticed a draconian
    22 | D:1      | Noticed an octopode
    24 | D:1      | Noticed a felid
    24 | D:1      | Noticed a vampire
    26 | D:1      | Noticed a demigod
   263 | D:1      | Reached XP level 2. HP: 18/19 MP: 2/2
   369 | D:1      | You fall into a shaft and drop 1 floor!
   397 | D:2      | Found a faded altar of an unknown god.
   507 | D:2      | Reached XP level 3. HP: 23/23 MP: 3/3
  1161 | D:3      | Reached XP level 4. HP: 13/28 MP: 4/4
  1760 | D:3      | Reached skill level 1 in Invocations
  1888 | D:3      | Reached skill level 1 in Dodging
  1992 | D:3      | Reached XP level 5. HP: 29/33 MP: 5/5
  2074 | D:3      | Noticed an ogre
  2099 | D:3      | Killed an ogre
  2481 | D:4      | Reached XP level 6. HP: 38/38 MP: 7/7
  2563 | D:4      | Noticed Duvessa
  2590 | D:4      | Noticed Dowan
  2624 | D:4      | Killed Duvessa
  2627 | D:4      | Slain by Dowan

Illustrated notes

Levels and vault maps discovered:
D:1:      kb_arrival_jail, layout_basic
D:2:      minmay_evil_eye, layout_basic, hellmonk_ecumenical_altar_dog_temple,
          st_stairs_8
D:3:      layout_basic
D:4:      cheibrodos_pilgrimage, layout_loops_ring, gup_sewer_entry_bubbles,
          uniq_duvessa

Skill      XL: |  1  2  3  4  5  6 |
---------------+-------------------+-----
Armour         | 4 |  4.8
Invocations    | 1 |  1.9
Dodging        | 1 |  1.5
Shields        | 4 |  4.3
Maces & Flails | 3 4 |  4.0
Fighting       | 4 |  4.2

Action                   |  1- 3 |  4- 6 || total
-------------------------+-------+-------++-------
Melee: Flail             |    59 |       ||    59
       Whip              |    55 |   160 ||   215
  Use: Scroll            |     7 |     1 ||     8
       Potion            |       |     3 ||     3
Armor: Scale mail        |     7 |       ||     7
       Plate armour      |    78 |    90 ||   168
Dodge: Dodged            |    59 |    47 ||   106
Block: Buckler           |    39 |    30 ||    69

Table legend: (Time is in decaauts)
 A = Elapsed time spent in this place.
 B = Non-inter-level travel time spent in this place.
 C = Inter-level travel time spent in this place.
 D = Time resting spent in this place.
 E = Time spent auto-exploring this place.
 F = Levels seen in this place.
 G = Mean time per level.
                   A        B        C        D        E       F      G
               +--------+--------+--------+--------+--------+-----+--------+
         Total |   2642 |   2602 |     40 |      0 |   1965 |   4 |  660.5 |
       Dungeon |   2642 |   2602 |     40 |      0 |   1965 |   4 |  660.5 |
               +--------+--------+--------+--------+--------+-----+--------+

Top non-repeatable levels by time:
     D:3: 1363 daAuts
     D:2: 754 daAuts
     D:1: 380 daAuts
     D:4: 144 daAuts
